Map: Domaine des dormeurs EC

Players

zuka - Winner!

  • Race: Protoss Protoss
  • League: Master
  • Spawn Location: 7:00

Lovecrit

  • Race: Terran Terran
  • League: Master
  • Spawn Location: 1:00

VOD

Have the link to the VOD?

Description

Time

  • Played on: Aug. 21, 2019, 1:31 p.m.
  • Length: 5:24
Show
View Real Time Build Order
Export as new Build Order

zuka Protoss - Winner!

Build Orders: 1 Gate Expand, Colossus Rush 

Get SALT Encoding   

  12  0:00  Probe  
  13  0:13  Probe  
  14  0:17  Pylon  
  14  0:22  Probe  
  15  0:31  Probe  
  16  0:38  Gateway  
  16  0:41  Probe  
  16  0:47  Assimilator  
  17  0:53  Probe  
  18  1:02  Probe  
  18  1:10  Probe  
  20  1:25  Nexus  
  20  1:35  Cybernetics Core  
  20  1:38  Probe  
  21  1:45  Assimilator  
  21  1:51  Probe  
  22  1:55  Pylon  
  22  2:03  Probe, Stalker  
  23  2:13  Warp Gate  
  23  2:15  Probe  
  26  2:27  Probe, Robotics Facility  
  27  2:36  Probe  
  26  2:39  Probe  
  28  2:44  Probe  
  28  2:45  Pylon  
  29  2:51  Probe  
  29  2:54  Probe  
  31  2:59  Stalker  
  31  3:04  Probe  
  34  3:06  Shield Battery  
  34  3:14  Robotics Bay  
  34  3:16  Observer, Probe  
  34  3:18  Probe  
  37  3:27  Probe  
  37  3:28  Probe  
  39  3:34  Warp Prism  
  39  3:35  Probe  
  40  3:43  Gateway  
  40  3:46  Probe  
  43  3:50  Probe  
  44  3:56  Pylon  
  44  3:59  Colossus  
  44  4:11  Zealot  
  44  4:16  Shield Battery  
  52  4:17  Pylon  
  52  4:21  Pylon  
  52  4:24  Shield Battery  
  52  4:33  Stalker  
  52  4:36  Pylon  
  52  4:37  Probe x2  
  56  4:49  Probe x2, Assimilator  
  56  4:51  Assimilator  
  50  5:08  Stalker  
Show
View Real Time Build Order
Export as new Build Order

Lovecrit Terran 

Build Orders:  

Get SALT Encoding   

  12  0:00  SCV  
  13  0:12  SCV  
  14  0:17  Supply Depot  
  14  0:24  SCV  
  15  0:39  Barracks, SCV  
  16  0:45  Refinery  
  16  0:51  SCV  
  17  1:03  SCV  
  18  1:16  SCV  
  19  1:28  Orbital Command  
  19  1:31  Barracks Tech Lab  
  19  1:42  Command Center  
  19  1:51  Concussive Shells, Marine  
  20  1:54  SCV  
  21  2:05  Barracks  
  21  2:08  SCV  
  22  2:16  Supply Depot  
  22  2:20  SCV  
  23  2:27  Barracks  
  23  2:36  Stimpack  
  23  2:38  SCV  
  23  2:42  Marauder  
  26  2:50  SCV  
  27  2:53  Orbital Command  
  27  2:56  Barracks Reactor  
  27  3:03  Marauder  
  29  3:06  SCV  
  30  3:15  Barracks Tech Lab  
  30  3:18  SCV  
  30  3:19  SCV  
  32  3:25  Supply Depot  
  32  3:26  Marauder  
  34  3:30  SCV  
  34  3:31  SCV  
  34  3:33  Marine x2  
  38  3:38  Marine  
  39  3:41  Refinery  
  39  3:42  SCV  
  39  3:44  SCV  
  39  3:48  Combat Shield  
  41  3:50  Supply Depot, Marine  
  41  3:51  Marine x2  
  41  3:54  SCV  
  45  3:56  SCV  
  46  4:03  Marine  
  46  4:06  SCV  
  46  4:07  Marine  
  46  4:08  SCV  
  50  4:12  Marine x2  
  52  4:18  SCV  
  52  4:21  Marine  
  52  4:22  Supply Depot  
  55  4:25  Marine  
  55  4:30  Marine x2  
  57  4:39  Factory, Marine  
  57  4:43  Marine  
  59  4:48  Marine x2  
  61  4:57  Marine  
  58  5:01  Marine  
  58  5:05  Marine  
  58  5:06  Marine  
Tags
 
Add a new tag
Caveats
  • Supply blocks, unpowered buildings, or Contaminate may cause inaccurate times.
  • Supply counts are checked every 10 seconds.